Kradschützen Motorcycle Team
Selects Italian Combined Arms Battlegroup
Selects Bersaglieri Squad
Construct Light Support Kompanie
Selects Bersaglieri Bolster
Selects Breda Model 30 Light Machine Guns
Construct Mechanized Kompanie
Construct Panzerarmee Kommand
Selects Semovente da 75/18 Assault Gun
Selects Carro Armato M13/40 Light Tank
Selects Semovente da 75/18 Assault Gun
254 Reconnaissance Tractor
Walking Stuka Rocket Launcher
18-tonne Recovery Half-track